 Dungeon Crawl Stone Soup version 0.23.0 (webtiles) character file.

Game seed: 15682897403241480102

1414 xeno23 the Caller (level 8, 0/61 HPs)
             Began as a Mummy Summoner on Feb 13, 2019.
             Was an Initiate of Gozag.
             Slain by an unseen horror (11 damage)
             ... on level 6 of the Dungeon.
             The game lasted 00:37:14 (11489 turns).

xeno23 the Caller (Mummy Summoner)                 Turns: 11489, Time: 00:37:15

Health: 0/61       AC:  3    Str: 12    XL:     8   Next: 43%
Magic:  15/17      EV: 12    Int: 16    God:    Gozag
Gold:   536        SH:  0    Dex: 15    Spells: 5/19 levels left

rFire    x . .     SeeInvis .   i - +2 spear (freeze)
rCold    + . .     Gourm    .   (no shield)
rNeg     + + +     Faith    .   a - +0 robe
rPois    ∞         Spirit   .   (no helmet)
rElec    .         Reflect  .   o - +0 cloak
rCorr    .         Harm     .   (no gloves)
MR       +....                  (no boots)
Stlth    ++........             (no amulet)
HPRegen  0.20/turn              k - +3 ring of dexterity
MPRegen  0.15/turn              (no ring)

@: about to teleport
A: no food or potions, fire vulnerability, cold resistance 1, negative energy
resistance 3, torment resistance, unbreathing
a: Potion Petition, Call Merchant, Bribe Branch, Renounce Religion


You were on level 6 of the Dungeon.
You worshipped Gozag.
Gozag was pleased with you.
You were not hungry.

You visited 2 branches of the dungeon, and saw 7 of its levels.
You also visited: Ossuary.

You collected 579 gold pieces.
You paid 43 gold pieces to Gozag.

Inventory:

Hand Weapons
 c - a +3 halberd
 i - a +2 spear of freezing (weapon)
Armour
 a - a +0 robe (worn)
 o - a +0 cloak (worn)
Jewellery
 k - a +3 ring of dexterity (left hand)
Wands
 l - a wand of enslavement (7)
 n - a wand of random effects (21)
Scrolls
 b - 2 scrolls of immolation
 d - 2 scrolls of enchant armour
 e - 4 scrolls of teleportation
 f - a scroll of enchant weapon
 g - 2 scrolls of magic mapping
 h - a scroll of fog
 j - 2 scrolls of fear
 m - a scroll of remove curse
 p - a scroll of identify


   Skills:
 + Level 4.6 Fighting
 + Level 3.2 Polearms
 - Level 1.5 Dodging
 - Level 1.5 Stealth
 + Level 6.2 Spellcasting
 * Level 6.5 Summonings


You had 5 spell levels left.
You knew the following spells:

 Your Spells              Type           Power        Failure   Level  Hunger
a - Summon Small Mammal   Summ           ####         1%          1    N/A
d - Call Canine Familiar  Summ           ####....     2%          3    N/A
q - Summon Lightning Spi  Summ/Air       ###.....     34%         4    N/A
s - Call Imp              Summ           ####....     1%          2    N/A
w - Summon Ice Beast      Ice/Summ       ###.....     34%         4    N/A

Your spell library contained the following spells:

 Spells                   Type           Power        Failure   Level  Hunger
 Summon Guardian Golem    Hex/Summ       ###.....     11%         3    N/A
 Confusing Touch          Hex            #.....       14%         1    N/A
 Confuse                  Hex            #.......     38%         3    N/A
 Gell's Gravitas          Tloc           #.........   38%         3    N/A
 Petrify                  Tmut/Erth      #.......     80%         4    N/A
 Metabolic Englaciation   Hex/Ice        #.........   98%         5    N/A
 Yara's Violent Unravell  Hex/Tmut       #.........   98%         5    N/A

Dungeon Overview and Level Annotations

Branches:
Dungeon (6/15)             Temple (1/1) D:4

Altars:
Cheibriados
Elyvilon
Gozag
Hepliaklqana
Makhleb
Nemelex Xobeh
Okawaru
Qazlal
Ru
Sif Muna
Trog
Uskayaw
Vehumet
Wu Jian
Xom
Yredelemnul
Zin
The Shining One


Innate Abilities, Weirdness & Mutations

You do not eat or drink.
Your flesh is vulnerable to fire.
You are immune to poison.
Your flesh is cold resistant. (rC+)
You are immune to negative energy. (rN+++)
You are immune to unholy pain and torment.
You can survive without breathing.


Message History

Casting: Call Canine Familiar (safe; 2% risk of failure)
Confirm with . or Enter, or press ? or * to list all spells.
Something hits you.
You take 1 damage.
Something hits you!
You take 10 damage.
Something hits you!
You take 6 damage.
Something hits you!
Your hound bites something.
You take 12 damage.
As you read the scroll of teleportation, it crumbles to dust.
You feel strangely unstable. Something hits you!
Something barely misses your hound.
You take 9 damage.
Something hits you!
* * * LOW HITPOINT WARNING * * *
You take 10 damage.
Something hits you!
You die...
Your body crumbles into a pile of gold.

#####
#...########
###.#..).....#
#...#....(...#
#.#.#........####
#...#.........(..
#@#.#........####
#...#........#
#.#h##.....###
#...#..#.###
###.#<##.#
#...#)...# $
#?#.#.##...#
#...#..#......
#.#.+..#..#.##


You could see a friendly hound.

Vanquished Creatures
  2 wraiths (Ossuary)
  An ice beast (D:6)
  An ogre (D:4)
  A centaur (D:5)
  A bullfrog (D:5)
  A scorpion (D:5)
  4 wights (Ossuary)
  A bullfrog skeleton (D:5)
  A centaur zombie (D:5)
  2 orc priests
  A hound (D:4)
  Terence (D:2)
  2 orc wizards (D:6)
  2 worker ants (D:4)
  A hound skeleton (D:5)
  A worker ant zombie (D:5)
  5 gnolls
  An adder (D:5)
  A shadow imp (D:5)
  An ooze (D:4)
  An adder skeleton (D:4)
  An adder zombie (Ossuary)
  3 worms
  A dart slug (D:1)
  4 leopard geckos
  10 orcs
  6 giant cockroaches
  3 hobgoblins
  2 jackals (D:5)
  4 kobolds
  2 quokkas
  3 bats (D:3)
  3 frilled lizards
  7 goblins
  2 hobgoblin skeletons (Ossuary)
  A leopard gecko skeleton (D:5)
  An orc skeleton (Ossuary)
  7 rats
92 creatures vanquished.

Vanquished Creatures (collateral kills)
  An ice beast (D:5)
  A centaur (D:4)
  2 wights (Ossuary)
  A centaur zombie (D:5)
  A gnoll shaman (D:4)
  An iguana (D:4)
  A worker ant (D:4)
  4 gnolls
  2 adders (D:2)
  5 worms
  A dart slug (D:2)
  2 leopard geckos
  2 goblins (D:1)
  2 kobolds
26 creatures vanquished.

Grand Total: 118 creatures vanquished

Notes
Turn   | Place    | Note
-------+----------+-------------------------------------------
     0 | D:1      | xeno23 the Mummy Summoner began the quest for the Orb.
     0 | D:1      | Reached XP level 1. HP: 13/13 MP: 4/4
   559 | D:1      | Reached XP level 2. HP: 10/20 MP: 1/5
   563 | D:1      | Learned a level 2 spell: Call Imp
  1433 | D:1      | Reached skill level 1 in Fighting
  1851 | D:2      | Reached XP level 3. HP: 13/26 MP: 7/7
  2488 | D:2      | Noticed Terence
  2494 | D:2      | Learned a level 3 spell: Call Canine Familiar
  2514 | D:2      | Killed Terence
  2690 | D:2      | Reached XP level 4. HP: 10/32 MP: 4/9
  3044 | D:2      | Found a faded altar of an unknown god.
  3674 | D:3      | Found a glowing golden altar of the Shining One.
  4240 | D:3      | Reached XP level 5. HP: 29/38 MP: 10/10
  4518 | D:3      | Found a white marble altar of Elyvilon.
  5095 | D:4      | Reached skill level 1 in Polearms
  5276 | D:4      | Found a staircase to the Ecumenical Temple.
  5282 | Temple   | Entered the Ecumenical Temple
  5502 | Temple   | Became a worshipper of Gozag Ym Sagoz the Greedy
  5730 | D:4      | Noticed a centaur
  5741 | D:4      | Killed a centaur
  5741 | D:4      | Reached XP level 6. HP: 13/46 MP: 6/12
  6523 | D:4      | Reached skill level 5 in Summonings
  6846 | D:5      | Entered Level 5 of the Dungeon
  7097 | D:5      | Found a sand-covered staircase.
  7105 | Ossuary  | Entered an ossuary
  7332 | Ossuary  | Reached XP level 7. HP: 5/52 MP: 10/14
  7914 | Ossuary  | Reached skill level 5 in Spellcasting
  8098 | Ossuary  | Noticed a flying skull
  8098 | Ossuary  | Noticed a wraith
  8111 | Ossuary  | Noticed a wraith
  8268 | Ossuary  | Noticed a flying skull
  8512 | Ossuary  | Killed a wraith
  8883 | Ossuary  | Noticed a flying skull
  8884 | Ossuary  | Noticed a flying skull
  8944 | Ossuary  | Noticed a wraith
  9039 | Ossuary  | Killed a wraith
  9418 | D:5      | Learned a level 4 spell: Summon Ice Beast
  9423 | D:5      | Learned a level 4 spell: Summon Lightning Spire
  9512 | D:5      | Reached XP level 8. HP: 60/60 MP: 16/16
 10537 | D:5      | Found a bloodstained altar of Trog.
 11489 | D:6      | Slain by an unseen horror

Skill      XL: |  1  2  3  4  5  6  7  8 |
---------------+-------------------------+-----
Spellcasting   | 3 4 5 6 |  6.2
Fighting       | 1 2 3 4 |  4.6
Summonings     | 4 5 6 |  6.5
Polearms       | 1 2 3 |  3.2
Dodging        | |  1.5
Stealth        | |  1.5

Action                   |  1- 3 |  4- 6 |  7- 9 || total
-------------------------+-------+-------+-------++-------
Melee: Dagger            |    88 |       |       ||    88
       Unarmed           |     6 |       |       ||     6
       Spear             |    28 |   226 |   270 ||   524
 Cast: Summon Small Mamm |    15 |     1 |       ||    16
       Call Imp          |     9 |     5 |     7 ||    21
       Call Canine Famil |     2 |    17 |    38 ||    57
       Summon Ice Beast  |       |       |     3 ||     3
  Use: Scroll            |       |     9 |     3 ||    12
 Stab: Sleeping          |     3 |    11 |     4 ||    18
       Distracted        |       |     1 |     5 ||     6
Armor: Robe              |    17 |    13 |    14 ||    44
Dodge: Dodged            |    64 |   105 |   101 ||   270
